 Dungeon Crawl Stone Soup version 0.25.0-9-g26727b657a (webtiles) character file.

Game seed: 18366164103359090702

46 mopl the Skirmisher (level 3, -1/23 HPs)
             Began as a Deep Elf Chaos Knight on June 18, 2020.
             Slain by a hobgoblin (4 damage)
             ... on level 2 of the Dungeon.
             The game lasted 00:02:28 (1110 turns).

mopl the Skirmisher (Deep Elf Chaos Knight)         Turns: 1110, Time: 00:02:28

Health: -1/23      AC:  3    Str:  9    XL:     3   Next: 44%
Magic:  5/5        EV: 10    Int: 15    God:
Gold:   43         SH:  6    Dex: 14    Spells: 2/2 levels left

rFire    . . .     SeeInvis .   a - +0 short sword (chaos)
rCold    . . .     Gourm    .   f - +0 kite shield
rNeg     . . .     Faith    .   b - +2 leather armour
rPois    .         Spirit   .   (no helmet)
rElec    .         Reflect  .   (no cloak)
rCorr    .         Harm     .   (no gloves)
MR       .....                  (no boots)
Stlth    +.........             (no amulet)
HPRegen  0.07/turn              (no ring)
MPRegen  0.09/turn              (no ring)

@: no status effects
A: deformed body, dopey 1
a: no special abilities


You were on level 2 of the Dungeon.
You were not hungry.

You visited 1 branch of the dungeon, and saw 2 of its levels.

You collected 43 gold pieces.

Inventory:

Hand Weapons
 a - a +0 short sword of chaos (weapon)
Armour
 b - a +2 leather armour (worn)
 f - a +0 kite shield (worn)
Scrolls
 d - a scroll of magic mapping {unknown}
 e - a scroll of amnesia {unknown}
 h - a scroll of identify {unknown}
 i - 2 scrolls of enchant armour {unknown}
Potions
 g - a potion of curing {unknown}
Comestibles
 c - 2 rations


   Skills:
 + Level 3.3 Fighting
 - Level 3.0 Short Blades
 - Level 0.7 Armour
 + Level 3.2 Dodging
 + Level 0.9 Stealth


You had 2 spell levels left.
You didn't know any spells.
Your spell library was empty.

Dungeon Overview and Level Annotations

Branches:
Dungeon (2/15)

Altars:


Innate Abilities, Weirdness & Mutations

Armour fits poorly on your strangely shaped body.
You are dopey. (Int -2)


Message History

You hit the hobgoblin but do no damage.
The hobgoblin is poisoned.
The hobgoblin is lightly wounded.
The hobgoblin closely misses you.
You closely miss the hobgoblin.
The hobgoblin is moderately wounded.
The hobgoblin hits you.
* * * LOW HITPOINT WARNING * * *
The hobgoblin closely misses you.
You closely miss the hobgoblin.
The hobgoblin is moderately wounded.
The hobgoblin hits you but does no damage.
You barely miss the hobgoblin.
The hobgoblin is heavily wounded.
The hobgoblin closely misses you.
The hobgoblin hits you but does no damage.
You hit the hobgoblin.
The hobgoblin seems to grow stronger.
The hobgoblin is severely wounded.
The hobgoblin hits you.
You die... "It was about time."

......#
r.....#
......#
......#
.g....#
.....[#
####......#
#.@g......#
#.###.#####
#. # ##


You could see a hobgoblin (berserk, strong, poisoned).

Vanquished Creatures
  3 oozes (D:1)
  A leopard gecko (D:1)
  3 giant cockroaches (D:1)
  5 goblins (D:1)
  3 hobgoblins
  9 bats
  A frilled lizard (D:1)
  3 kobolds (D:1)
  3 rats
31 creatures vanquished.

Notes
Turn   | Place    | Note
-------+----------+-------------------------------------------
     0 | D:1      | mopl the Deep Elf Chaos Knight began the quest for the Orb.
     0 | D:1      | Reached XP level 1. HP: 13/13 MP: 3/3
     0 | D:1      | Fell from the grace of Xom
   136 | D:1      | XOM: 1-stop teleportation journey
   149 | D:1      | Reached XP level 2. HP: 18/18 MP: 4/4
   570 | D:1      | Reached XP level 3. HP: 23/23 MP: 5/5
   752 | D:1      | XOM: give mutations
   752 | D:1      | Gained mutation: You are dopey. (Int -2) [Xom's mischief]
   752 | D:1      | Gained mutation: You are very dopey. (Int -4) [Xom's
                  | mischief]
   752 | D:1      | Gained mutation: Armour fits poorly on your strangely
                  | shaped body. [Xom's mischief]
   752 | D:1      | Lost mutation: You are very dopey. (Int -4) [Xom's
                  | mischief]
  1110 | D:2      | Slain by a hobgoblin

Illustrated notes

Levels and vault maps discovered:
D:1:      minmay_arrival_shoal_huts, layout_loops_ring,
          minmay_misc_feat_columns, kennysheep_crisscross
D:2:      layout_basic, first_ration, chequers_serial_rivers_small_3,
          minmay_split_cup_small, uniq_natasha, uniq_robin

Skill      XL: |  1  2 |
---------------+-------+-----
Fighting       | 3 |  3.3
Dodging        | 3 |  3.2
Short Blades   | |  3.0
Armour         | |  0.7
Stealth        | |  0.9

Action                   || total
-------------------------++-------
Melee: Short sword       ||   130
Invok: Renounce Religion ||     1
 Stab: Sleeping          ||     1
  Eat: Chunk             ||     1
Armor: Leather armour    ||    53
Dodge: Dodged            ||    77
Block: Kite shield       ||    21
